 Dungeon Crawl Stone Soup version 0.31-a0-702-gf82c85558f (webtiles) character file.

Game seed: 5076897116354513635

20 qw the Shooter (level 2, -2/17 HPs)
             Began as a Gargoyle Hunter on Sept 7, 2023.
             Slain by a goblin
             ... wielding a +0 hand axe
              (6 damage)
             ... on level 1 of the Dungeon.
             The game lasted 00:00:12 (380 turns).

qw the Shooter (Gargoyle Hunter)                     Turns: 380, Time: 00:00:12

Health: -2/17      AC:  5    Str: 14    XL:     2   Next: 79%
Magic:  2/2        EV: 11    Int:  9    God:
Gold:   3          SH:  0    Dex: 13    Spells: 1/1 levels left

rFire   . . .        a - +0 shortbow
rCold   . . .        (shield currently unavailable)
rNeg    + . .        c - +0 leather armour
rPois   inf          (no helmet)
rElec   +            (no cloak)
rCorr   .            (no gloves)
SInv    .            (no boots)
Will    .....        (no amulet)
Stlth   +            (no ring)
HPRegen 0.22/turn    (no ring)
MPRegen 0.08/turn

%: no passive effects
@: no status effects
A: sickness immunity, AC +2, negative energy resistance 1, electricity
resistance, torment resistance 1, petrification resistance
a: no special abilities


You were on level 1 of the Dungeon.
You visited 1 branch of the dungeon, and saw 1 of its levels.

You collected 3 gold pieces.


Innate Abilities, Weirdness & Mutations

You are immune to sickness and miasma.
Your stone body is resilient. (AC +2)
You are immune to poison.
You resist negative energy. (rN+)
You are resistant to electric shocks. (rElec)
You are resistant to unholy torment.
You are immune to petrification.


   Skills:
 - Level 2.1 Fighting
 + Level 4.8 Ranged Weapons
 - Level 1.5 Dodging
 - Level 1.1 Stealth


You had one spell level left.
You didn't know any spells.
Your spell library was empty.

Inventory:

Hand Weapons
 a - a +0 shortbow (weapon)
Armour
 c - a +0 leather armour (worn)
Scrolls
 b - a scroll of butterflies
 e - a scroll of revelation {unknown}
Potions
 d - a potion of might {unknown}

Dungeon Overview and Level Annotations

Branches:
Dungeon (1/15)

Altars:


Message History

The goblin shouts!
The goblin is severely wounded.
A hobgoblin comes into view.
You shoot an arrow. The hobgoblin shouts!
The arrow hits the goblin.
You kill the goblin!
You hear a shout!
You shoot an arrow. The arrow barely misses the quokka.
A hobgoblin comes into view.
You shoot an arrow. The arrow closely misses the quokka.
You shoot an arrow. The arrow hits the quokka.
The quokka is moderately wounded.
The quokka twitches its whiskers.
The quokka closely misses you.
You shoot an arrow. The arrow hits the quokka.
You kill the quokka!
A goblin comes into view. It is wielding a +0 hand axe.
You shoot an arrow.
The arrow hits the hobgoblin but does no damage.
The hobgoblin misses you.
You shoot an arrow. The arrow hits the hobgoblin.
The hobgoblin is heavily wounded.
The hobgoblin closely misses you.
You shoot an arrow.
The arrow hits the hobgoblin but does no damage.
The hobgoblin is heavily wounded.
You shoot an arrow. The arrow closely misses the hobgoblin.
The hobgoblin closely misses you. The hobgoblin barely misses you.
The hobgoblin hits you but does no damage.
You shoot an arrow. The arrow hits the hobgoblin!
You kill the hobgoblin!
You shoot an arrow. The arrow barely misses the goblin.
The hobgoblin hits you. The goblin barely misses you.
You shoot an arrow. The arrow barely misses the goblin.
The hobgoblin misses you. The goblin hits you with a +0 hand axe.
You shoot an arrow. The arrow barely misses the goblin.
The goblin hits you with a +0 hand axe. The hobgoblin closely misses you.
The hobgoblin barely misses you. The goblin hits you with a +0 hand axe.
You die...

#.).......... #...#####.#####
#..#.#.#.....##...# ##......
#......#..........# #.#.#.#.
#..#...#....###...# ##.#.#.#
#...........# #...# #.#.#.#.
#......#....# #...#####.#.#.#
#...#.##....# #......#.#.#<#.
#.....###...###....#.##.#.#.#
#..........g@##....#.#.#.#.#.
.....#.###.###g###.#.#.##.#.#.#
####.#.. ### ..# #.#.#......###
..### .#.. #.#.#.###### ...
).#...#.#.#.# .. .# #...#.#.#.#
.. ........#.# (# #...... ...
###


You could see a hobgoblin and a goblin.

Vanquished Creatures
  2 bats (D:1)
  2 endoplasms (D:1)
  A giant cockroach (D:1)
  4 goblins (D:1)
  4 hobgoblins (D:1)
  A quokka (D:1)
  2 kobolds (D:1)
  A rat (D:1)
17 creatures vanquished.

Notes
Turn   | Place    | Note
-------+----------+-------------------------------------------
     0 | D:1      | qw the Gargoyle Hunter began the quest for the Orb.
     0 | D:1      | Reached XP level 1. HP: 12/12 MP: 1/1
     0 | D:1      | 0 ||| qw: Version: 0.3-a-76-g4403597
     0 | D:1      | 0 ||| qw: Game counter: 896
     0 | D:1      | 0 ||| qw: Melee chars always use a shield: true
     0 | D:1      | 0 ||| qw: God list: Okawaru
     0 | D:1      | 0 ||| qw: Allow faded altars: false
     0 | D:1      | 0 ||| qw: Do Orc after clearing Dungeon:15 true
     0 | D:1      | 0 ||| qw: Do second Lair branch before Depths: true
     0 | D:1      | 0 ||| qw: Lair rune preference: random
     0 | D:1      | 0 ||| qw: Goals: Normal
     0 | D:1      | 0 ||| PLANNING D:1-11
   107 | D:1      | Reached XP level 2. HP: 17/17 MP: 2/2
   380 | D:1      | HP: 4/17 [goblin/+0 hand axe (6)]
   380 | D:1      | Slain by a goblin

Levels and vault maps discovered:
D:1:      lightli_arrival_chessboard, layout_basic, minmay_indecisive_spiral

Action                     || total
---------------------------++-------
   Fire: Shortbow          ||    64
 Armour: Leather armour    ||    17
  Dodge: Dodged            ||    23

Table legend:
 A = Non-vault XP
 B = Vault XP
 C = Vault XP percentage of total XP
 D = Non-vault monster count
 E = Vault monster count
 F = Vault count percentage of total count
                 A         B        C        D         E       F
            +---------+---------+-------+---------+---------+-------
      Total |      23 |       6 |  20.7 |      14 |       3 |  17.6
            +---------+---------+-------+---------+---------+-------
        D:1 |      23 |       6 |  20.7 |      14 |       3 |  17.6
            +---------+---------+-------+---------+---------+-------
